 Dungeon Crawl Stone Soup version 0.29-a0-231-g945431f764 (webtiles) character file.

Game seed: 13391558150958477370

297 fragbeetle the Firebug (level 6, 0/47 HPs)
             Began as a Demonspawn Cinder Acolyte on Feb 28, 2022.
             Was a High Priest of Ignis.
             Slain by a hound (3 damage)
             ... on level 3 of the Dungeon.
             The game lasted 00:06:37 (4101 turns).

fragbeetle the Firebug (Demonspawn Cinder Acolyte)  Turns: 4101, Time: 00:06:38

Health: 0/47       AC: 13    Str: 16    XL:     6   Next: 12%
Magic:  7/7        EV: 10    Int: 16    God:    Ignis [*****.]
Gold:   106        SH:  0    Dex:  8    Spells: 5/7 levels left

rFire   + . .      SeeInvis .   r - +4 dagger (drain)
rCold   . . .      Faith    .   (no shield)
rNeg    . . .      Spirit   .   m - +0 ring mail
rPois   .          Reflect  .   q - +0 helmet
rElec   .          Harm     .   (no cloak)
rCorr   .          Rampage  .   (no gloves)
Will    .....                   (no boots)
Stlth   ..........              (no amulet)
HPRegen 0.15/turn               (no ring)
MPRegen 0.10/turn               (no ring)

@: fiery-armoured
A: claws 2, foul stench 1
a: Renounce Religion, Fiery Armour, Foxfire Swarm, Rising Flame


You were on level 3 of the Dungeon.
You worshipped Ignis.
Ignis was extremely pleased with you.
You visited 1 branch of the dungeon, and saw 4 of its levels.

You collected 144 gold pieces.
You spent 38 gold pieces at shops.

Inventory:

Hand Weapons
 a - a -1 spear of flaming
 b - a +0 hunting sling
 r - a +4 dagger of draining (weapon)
Missiles
 f - 11 poisoned darts (quivered)
Armour
 h - a +0 robe
 l - a +0 kite shield
 m - a +0 ring mail (worn)
 q - a +0 helmet (worn)
 C - +0 steam dragon scales
Jewellery
 d - an amulet of magic regeneration
Scrolls
 c - a scroll of immolation {unknown}
 j - a scroll of teleportation {unknown}
 k - a scroll of noise {unknown}
 n - a scroll of torment {unknown}
 o - a scroll of fear
 p - 4 scrolls of fog {unknown}
 t - a scroll of amnesia {unknown}
 u - 4 scrolls of vulnerability {unknown}
 v - a scroll of holy word {unknown}
 y - a scroll of enchant armour {unknown}
 A - 2 scrolls of blinking {unknown}
 B - a scroll of identify {unknown}
Potions
 e - 2 potions of curing {unknown}
 g - a potion of brilliance {unknown}
 i - a potion of might {unknown}
 s - a potion of haste {unknown}
 w - a potion of cancellation {unknown}
 x - a potion of flight {unknown}
 z - a potion of heal wounds {unknown}


   Skills:
 - Level 3.0 Fighting
 - Level 4.4 Polearms
 - Level 1.0 Spellcasting
 + Level 5.2 Fire Magic


You had 5 spell levels left.
You knew the following spells:

 Your Spells              Type           Power      Damage    Failure   Level
a - Scorch                Fire           34%        2d7       8%          2

Your spell library contained the following spells:

 Spells                   Type           Power      Damage    Failure   Level


Dungeon Overview and Level Annotations

Branches:
Dungeon (4/15)
 Temple: D:4-7

Altars:
Dithmenos

Shops:
D:2 ?


Innate Abilities, Weirdness & Mutations

You have very sharp fingernails.
You may rarely emit foul miasma when damaged in melee.


Message History

Reactivating autopickup.
There is a stone staircase leading down here.
The hound bites you but does no damage. The hound bites you.
The hound closely misses you. The hound bites you but does no damage.
The hound bites you. The hound bites you but does no damage.
The hound barely misses you. The hound bites you.
You hit the hound but do no damage. The hound barely misses you.
The hound bites you.
* * * LOW HITPOINT WARNING * * *
The hound closely misses you.
You see here a +0 whip.
The hound misses you.
You see here a hobgoblin skeleton.
The hound bites you.
* * * LOW HITPOINT WARNING * * *
You closely miss the hound. The hound bites you but does no damage.
The hound bites you.
* * * LOW HITPOINT WARNING * * *
You hit the hound. You drain the hound.
The hound is heavily wounded.
You miss the hound.
The hound is lightly wounded.
The hound bites you.
* * * LOW HITPOINT WARNING * * *
The hound bites you.
* * * LOW HITPOINT WARNING * * *
You closely miss the hound.
The hound is lightly wounded.
The hound bites you.
* * * LOW HITPOINT WARNING * * *
A protective cloak of flame settles atop you.
The hound bites you but does no damage.
The hound is burned by your cloak of flames.
The hound is moderately wounded.
The hound bites you but does no damage.
The hound is burned by your cloak of flames.
The hound is heavily wounded.
The hound bites you.
You die...

#........###...#### #.
###....)..####....## #.
#.#.###รท## ####..# ## #...#
#.>#### ##.#########
####..####....###......##...
#........#..........##.#..##
#........#.##........#...###
######.........h#########..<.## #
....##..>......h@...####......###
.....#..............#.........##.
......................###........
......########......### #.##.....
.....[# ###........#####.#......
......####...#......##.).........
...........###.#.......##........
.......######..#....##...........
......## ##...##.>..##.).........


You could see 2 hounds.

Vanquished Creatures
  A steam dragon (D:4)
  Robin (D:2)
  4 gnolls (D:3)
  3 adders
  4 worms
  3 dart slugs
  An orc (D:4)
  13 ball pythons
  4 endoplasms
  3 giant cockroaches
  14 goblins
  11 hobgoblins
  5 kobolds
  5 quokkas
  2 bats (D:1)
  3 frilled lizards
  6 rats
83 creatures vanquished.

Vanquished Creatures (others)
  3 plants (D:4)
3 creatures vanquished.

Grand Total: 86 creatures vanquished

Notes
Turn   | Place    | Note
-------+----------+-------------------------------------------
     0 | D:1      | fragbeetle the Demonspawn Cinder Acolyte began the quest
                  | for the Orb.
     0 | D:1      | Reached XP level 1. HP: 18/18 MP: 2/2
    98 | D:1      | Reached skill level 3 in Fire Magic
   129 | D:1      | Gained mutation: You have sharp fingernails. [demonic
                  | ancestry]
   129 | D:1      | Reached XP level 2. HP: 23/24 MP: 3/3
   806 | D:1      | Reached XP level 3. HP: 28/29 MP: 4/4
  1881 | D:2      | Learned a level 2 spell: Scorch
  1944 | D:2      | Found Jioruecsuac's Magic Scroll Boutique.
  1953 | D:2      | Bought a scroll of fear for 38 gold pieces
  2015 | D:2      | Noticed Robin
  2139 | D:3      | Gained mutation: You may rarely emit foul miasma when
                  | damaged in melee. [demonic ancestry]
  2139 | D:3      | Reached XP level 4. HP: 19/35 MP: 5/5
  2845 | D:2      | Killed Robin
  2846 | D:2      | Reached skill level 4 in Fire Magic
  3613 | D:3      | Reached XP level 5. HP: 41/41 MP: 6/6
  3876 | D:4      | Found a shadowy altar of Dithmenos.
  3992 | D:4      | Noticed a steam dragon
  4012 | D:4      | Killed a steam dragon
  4013 | D:4      | Reached skill level 5 in Fire Magic
  4013 | D:4      | Gained mutation: You have very sharp fingernails. [demonic
                  | ancestry]
  4013 | D:4      | Reached XP level 6. HP: 28/47 MP: 7/7
  4101 | D:3      | Slain by a hound

Illustrated notes

Levels and vault maps discovered:
D:1:      sevenhm_arrival_forest_fort_large_4, layout_basic
D:2:      minmay_skewed_foursquare, layout_loops_cross, serial_shops,
          nicolae_shop_temple_entry_statues_fountains, uniq_robin
D:3:      layout_rooms
D:4:      layout_cave_pools, old_standard_altar, lemuel_round_altar,
          mainiacjoe_overflow_divided_tiny, minmay_temple_entry_glass,
          serial_forest, infiniplex_forest_join, infiniplex_forest_zigzag_2,
          infiniplex_forest_clump_diagonal, infiniplex_forest_straight_4,
          infiniplex_forest_clump_C, infiniplex_forest_clump_small,
          infiniplex_forest_clump_C, uniq_duvessa

Skill      XL: |  1  2  3  4  5 |
---------------+----------------+-----
Polearms       | 3 4 |  4.4
Fire Magic     | 3 4 5 |  5.2
Fighting       | |  3.0
Spellcasting   | |  1.0

Action                   |  1- 3 |  4- 6 || total
-------------------------+-------+-------++-------
Melee: Spear             |   152 |    69 ||   221
       Punch             |     1 |     2 ||     3
       Dagger            |       |    85 ||    85
 Fire: Hunting sling     |     1 |       ||     1
Invok: Fiery Armour      |       |     1 ||     1
Armor: Robe              |     9 |       ||     9
       Ring mail         |     7 |    58 ||    65
Dodge: Dodged            |    64 |    92 ||   156

Table legend: (Time is in decaauts)
 A = Elapsed time spent in this place.
 B = Non-inter-level travel time spent in this place.
 C = Inter-level travel time spent in this place.
 D = Time resting spent in this place.
 E = Time spent auto-exploring this place.
 F = Levels seen in this place.
 G = Mean time per level.
                   A        B        C        D        E       F      G
               +--------+--------+--------+--------+--------+-----+--------+
         Total |   4087 |   4002 |     85 |    214 |   3015 |   4 | 1021.8 |
       Dungeon |   4087 |   4002 |     85 |    214 |   3015 |   4 | 1021.8 |
               +--------+--------+--------+--------+--------+-----+--------+

Top non-repeatable levels by time:
     D:2: 1655 daAuts
     D:1: 1441 daAuts
     D:3: 768 daAuts
     D:4: 221 daAuts
